 Dungeon Crawl Stone Soup version 0.23-a0-558-g30802b1 (webtiles) character file.

313 zishaf the Sneak (level 6, -1/46 HPs)
             Began as a Vampire Transmuter on Dec 12, 2018.
             Slain by a scorpion (8 damage)
             ... on level 3 of the Dungeon.
             The game lasted 00:08:24 (5901 turns).

zishaf the Sneak (Vampire Transmuter)               Turns: 5901, Time: 00:08:25

Health: -1/46      AC:  0    Str: 11    XL:     6   Next: 19%
Magic:  7/9        EV: 22    Int: 16    God:
Gold:   141        SH:  4    Dex: 19    Spells: 6/9 levels left

rFire    . . .     SeeInvis +     - Unarmed
rCold    + . .     Gourm    .   (shield currently unavailable)
rNeg     + + .     Faith    .   (armour currently unavailable)
rPois    +         Spirit   .   (helmet currently unavailable)
rElec    .         Reflect  +   (cloak currently unavailable)
rCorr    .         Harm     .   (gloves currently unavailable)
MR       .....                  (boots currently unavailable)
Stlth    +++++.....             h - +4 amulet of reflection (curse)
HPRegen  0.07/turn              (ring currently unavailable)
MPRegen  0.11/turn              (ring currently unavailable)

@: bat-form, flying, regenerating slowly, very quick
A: tiny, fangs 3, see invisible
a: End Transformation


You were on level 3 of the Dungeon.
You were near bloodless.
You were in vampire-bat-form.
You visited 1 branch of the dungeon, and saw 4 of its levels.

You collected 141 gold pieces.

Inventory:

Hand Weapons
 q - a +1 vampiric dagger (melded)
Missiles
 a - 78 arrows
Armour
 b - a +0 robe
 j - a cursed -1 leather armour (melded)
 m - a +2 helmet (melded)
Jewellery
 h - a cursed +4 amulet of reflection (around neck)
Scrolls
 c - a scroll of amnesia {unknown}
 e - 2 scrolls of teleportation {unknown}
 k - a scroll of magic mapping {unknown}
 l - 3 scrolls of identify {unknown}
 n - 2 scrolls of random uselessness {unknown}
 p - 3 scrolls of remove curse {unknown}
 r - a scroll of immolation {unknown}
 t - a scroll of enchant weapon {unknown}
Potions
 d - 5 potions of blood
 g - a potion of might
 i - a potion of curing {unknown}
 o - a potion of resistance {unknown}
 s - a potion of mutation {unknown}
Comestibles
 f - 3 rations


   Skills:
 + Level 2.8 Fighting
 + Level 3.9 Dodging
 - Level 5.0 Stealth
 - Level 3.2 Unarmed Combat
 - Level 2.0 Spellcasting
 + Level 3.9 Transmutations


You had 6 spell levels left.
You knew the following spells:

 Your Spells              Type           Power        Failure   Level  Hunger
a - Beastly Appendage     Tmut           ##....       4%          1    #......
b - Sticks to Snakes      Tmut           ##......     6%          2    ###....

Your spell library contained the following spells:

 Spells                   Type           Power        Failure   Level  Hunger
 Spider Form              Tmut/Pois      #.........   28%         3    ###....
 Ice Form                 Ice/Tmut       #.......     67%         4    #####..
 Blade Hands              Tmut           ##........   75%         5    ######.


Dungeon Overview and Level Annotations

Branches:
Dungeon (4/15)
 Temple: D:4-7

Altars:
Ru

Annotations:
D:4 Dowan, Duvessa


Innate Abilities, Weirdness & Mutations

You heal slowly.
You have razor-sharp teeth.
You have supernaturally acute eyesight. (SInv)
((You can survive without breathing.))


Message History

You hit the scorpion but do no damage.
The scorpion is severely wounded.
The scorpion barely misses you.
You hit the scorpion but do no damage.
The scorpion is severely wounded.
The scorpion barely misses you.
You hit the scorpion.
The scorpion is almost dead.
The scorpion stings you.
* * * LOW HITPOINT WARNING * * *
You hit the scorpion but do no damage.
The scorpion is almost dead.
The scorpion closely misses you.
There is an open door here.
You turn into a vampire bat.
Your +1 vampiric dagger melds into your body.
Your +2 helmet melds into your body.
Your cursed -1 leather armour melds into your body.
You feel your glee subside. The scorpion stings you!
You die...

#.# ####'################
#######...................#
...........†....#########)#
................# #.#
................# ##.#######
##########......# #........#
########################........#
................bs..............#
###########.#..########.#'#######
#.##.# #.#.####### #.##.#
#.#........ #.##.# #..........
### #.##.## ####.)..... ..#######
#.##..# #.......
..#.....###.###.##########.......
.......÷.................).....>)


You could see a scorpion.

Vanquished Creatures
  A scorpion (D:4)
  A hound (D:3)
  Jessica (D:3)
  A worker ant (D:4)
  6 adders
  5 leopard geckos
  5 orcs (D:3)
  A ball python (D:3)
  6 giant cockroaches
  5 goblins
  7 hobgoblins
  7 jackals (D:1)
  5 quokkas
  6 bats
  10 frilled lizards
  7 kobolds
  8 rats
82 creatures vanquished.

Vanquished Creatures (collateral kills)
  An ogre (D:3)
1 creature vanquished.

Grand Total: 83 creatures vanquished

Notes
Turn   | Place    | Note
-------+----------+-------------------------------------------
     0 | D:1      | zishaf the Vampire Transmuter began the quest for the Orb.
     0 | D:1      | Reached XP level 1. HP: 14/14 MP: 3/3
   188 | D:1      | Reached skill level 1 in Fighting
   189 | D:1      | Reached skill level 1 in Stealth
   540 | D:1      | Reached XP level 2. HP: 18/21 MP: 5/5
   558 | D:1      | Reached skill level 2 in Stealth
  1585 | D:2      | Learned a level 2 spell: Sticks to Snakes
  1638 | D:2      | Reached XP level 3. HP: 19/26 MP: 6/6
  1936 | D:2      | Reached skill level 3 in Stealth
  2277 | D:2      | Reached XP level 4. HP: 28/33 MP: 7/7
  3099 | D:3      | Reached skill level 4 in Stealth
  3562 | D:3      | Noticed an ogre
  3593 | D:3      | Killed an ogre
  3593 | D:3      | Reached XP level 5. HP: 36/38 MP: 1/8
  3725 | D:3      | Noticed Jessica
  3732 | D:3      | Killed Jessica
  3746 | D:3      | Reached skill level 5 in Stealth
  4490 | D:4      | Reached XP level 6. HP: 7/46 MP: 9/9
  5341 | D:4      | Found a sacrificial altar of Ru.
  5434 | D:4      | Noticed Duvessa
  5435 | D:4      | Noticed Dowan
  5901 | D:3      | Slain by a scorpion

Vault maps used:
D:1:      dpeg_arrival_castle
D:3:      first_ration, uniq_jessica
D:4:      nicolae_ru_path_of_blood, grunt_ministairs_11,
          minmay_a_box_with_orc_wizards_in_it, uniq_duvessa, uniq_grinder

Skill      XL: |  1  2  3  4  5 |
---------------+----------------+-----
Fighting       | 1 2 |  2.8
Stealth        | 1 2 3 4 5 |  5.0
Transmutations | 3 |  3.9
Dodging        | 3 |  3.9
Unarmed Combat | |  3.2
Spellcasting   | |  2.0

Action                   |  1- 3 |  4- 6 || total
-------------------------+-------+-------++-------
Melee: Unarmed           |   108 |       ||   108
       Bite              |    13 |    21 ||    34
       Mace              |    25 |       ||    25
       Headbutt          |     1 |       ||     1
       Dagger            |    16 |   255 ||   271
       Punch             |       |     4 ||     4
 Cast: Beastly Appendage |     1 |       ||     1
       Sticks to Snakes  |       |     3 ||     3
 Abil: Bat Form          |       |     1 ||     1
  Use: Potion            |       |     7 ||     7
 Stab: Sleeping          |     9 |     8 ||    17
Armor: Robe              |    19 |     7 ||    26
       Leather armour    |       |    54 ||    54
Dodge: Dodged            |    92 |   144 ||   236
Block: Other             |     6 |    47 ||    53
       Reflection        |       |     1 ||     1

Table legend:
 A = Non-vault XP
 B = Vault XP
 C = Vault XP percentage of total XP
 D = Non-vault monster count
 E = Vault monster count
 F = Vault count percentage of total count
                 A         B        C        D         E       F
            +---------+---------+-------+---------+---------+-------
      Total |     411 |      37 |   8.3 |      82 |       1 |   1.2
            +---------+---------+-------+---------+---------+-------
        D:1 |      40 |       0 |   0.0 |      26 |       0 |   0.0
        D:2 |      63 |       0 |   0.0 |      23 |       0 |   0.0
        D:3 |     157 |      37 |  19.1 |      25 |       1 |   3.8
        D:4 |     151 |       0 |   0.0 |       8 |       0 |   0.0
            +---------+---------+-------+---------+---------+-------
